 Dungeon Crawl Stone Soup version 0.27-a0-1136-g0b992a5a9d (webtiles) character file.

Game seed: 8478897880628416163

61344 wakim the Tortoise (level 14, -1/127 HPs)
             Began as a Minotaur Berserker on May 5, 2021.
             Was a High Priest of Trog.
             Slain by a cane toad (17 damage)
             ... on level 6 of the Lair of Beasts on May 6, 2021.
             The game lasted 00:57:19 (18402 turns).

wakim the Tortoise (Minotaur Berserker)            Turns: 18402, Time: 00:57:20

Health: -1/127     AC: 23    Str: 26    XL:     14   Next: 60%
Magic:  13/13      EV: 13    Int:  1    God:    Trog [*****.]
Gold:   762        SH: 19    Dex: 20    Spells: 13/13 levels left

rFire    + + .     SeeInvis +   b - +8 flail "Rusilany" {flame, +Rage Int-4 Dex+10 SInv}
rCold    . . .     Faith    .   q - +0 tower shield
rNeg     . . .     Spirit   .   f - +2 chain mail {rF+}
rPois    +         Reflect  .   (helmet restricted)
rElec    .         Harm     .   l - +2 cloak
rCorr    .         Rampage  .   o - +1 pair of gloves of Damp New Discoveries {rPois}
Will     +++..                  (no boots)
Stlth    ..........             p - amulet of regeneration
HPRegen  2.31/turn              c - ring of see invisible
MPRegen  0.13/turn              g - ring of Xaydufui {rF+ Slay+4 Stlth+}

@: lethally poisoned (-1 -> -2), strong-willed, regenerating
A: horns 2, retaliatory headbutt
a: Renounce Religion, Evoke Berserk Rage, Berserk, Trog's Hand, Brothers in Arms


You were on level 6 of the Lair of Beasts.
You worshipped Trog.
Trog was extremely pleased with you.
You visited 3 branches of the dungeon, and saw 19 of its levels.
You also visited: Ossuary, Bailey and Ice Cave.

You collected 1225 gold pieces.
You spent 463 gold pieces at shops.

Inventory:

Hand Weapons
 a - the +9 mace "Myeheoti" {vorpal, rElec Dex-4 Stlth+}
   (Trog gifted it to you in an ice cave)

   It inflicts extra damage upon your enemies.
   It affects your dexterity (-4).
   It insulates you from electricity.
   It makes you more stealthy.
 b - the +8 flail "Rusilany" (weapon) {flame, +Rage Int-4 Dex+10 SInv}
   (You bought it in a shop on level 6 of the Dungeon)

   It has been specially enchanted to burn those struck by it, causing extra
   injury to most foes and up to half again as much damage against particularly
   susceptible opponents.
   It affects your intelligence (-4).
   It affects your dexterity (+10).
   It lets you see invisible.
   It lets you go berserk.
 k - a +2 demon trident of electrocution
Missiles
 d - 2 boomerangs
 e - 8 atropa-tipped darts
 i - 5 curare-tipped darts {=f}
 j - 62 poisoned darts (quivered)
 m - 5 javelins
Armour
 f - a +2 chain mail of fire resistance (worn)
 l - a +2 cloak (worn)
 o - the +1 pair of gloves of Damp New Discoveries (worn) {rPois}
   (You found it on level 10 of the Dungeon)

   It protects you from poison.
 q - a +0 tower shield (worn)
Jewellery
 c - a ring of see invisible (left hand)
 g - the ring of Xaydufui (right hand) {rF+ Slay+4 Stlth+}
   (You found it on level 1 of the Lair of Beasts)

   [ring of slaying]

   It affects your accuracy and damage with ranged weapons and melee attacks
   (+4).
   It protects you from fire.
   It makes you more stealthy.
 h - a ring of poison resistance
 p - an amulet of regeneration (around neck)
 u - a +4 ring of evasion
Wands
 t - a wand of digging (1)
 v - a wand of flame (20)
 w - a wand of acid (16)
 x - a wand of charming (18)
 y - a wand of paralysis (7)
Scrolls
 n - a scroll of enchant armour
 r - 2 scrolls of identify
 s - a scroll of brand weapon
 T - 4 scrolls of teleportation
 W - a scroll of holy word
 X - 4 scrolls of fog
 Y - 2 scrolls of blinking {!r}
Potions
 A - 11 potions of ambrosia
 B - 2 potions of attraction {!q}
 C - a potion of berserk rage {!q}
 F - 6 potions of curing
 G - 4 potions of flight
 H - 3 potions of haste
 J - 5 potions of heal wounds
 L - 2 potions of lignification {!q}
 M - a potion of mutation {!q}
 N - 2 potions of might


   Skills:
 + Level 12.4 Fighting
 - Level 14.0 Maces & Flails
 + Level 9.5 Throwing
 + Level 17.8 Armour
 + Level 11.3 Dodging
 * Level 11.2 Shields


You had 13 spell levels left.
You didn't know any spells.
Your spell library was empty.

Dungeon Overview and Level Annotations

Branches:
Dungeon (12/15)            Temple (1/1) D:4            Lair (6/6) D:8
  Swamp (0/4) Lair:2        Snake (0/4) Lair:2        Slime (0/5) Lair:6
    Orc (0/2) D:10        Ossuary (visited)          Bailey (visited)
  IceCv (visited)

Altars:
Ashenzari
Cheibriados
Elyvilon
Fedhas
Gozag
Hepliaklqana
Kikubaaqudgha
Makhleb
Nemelex Xobeh
Ru
Xom
The Shining One
Jiyva

Shops:
D:3 (   D:4 (   D:6 **[   D:7 (

Annotations:
D:3 dig (items)
D:8 3 runed translucent doors, nht's ghost, novice DsEE
D:12 Urug


Innate Abilities, Weirdness & Mutations

You have a pair of horns on your head.
You reflexively headbutt those who attack you in melee.


Message History

Your deep troll claws the boulder beetle.
Your deep troll claws the boulder beetle but does no damage.
The cane toad stings you but does no damage.
You sock the komodo dragon! You burn the komodo dragon!
You kill the komodo dragon!
Trog accepts your kill. You block the black mamba's attack.
The cane toad stings your deep troll!
Your deep troll dies!
Your deep troll's corpse disappears in a puff of smoke!
The boulder beetle hits you but does no damage.
The boulder beetle stops rolling and uncurls.
You block the cane toad's attack. The black mamba bites you.
* * * LOW HITPOINT WARNING * * *
You are poisoned.
The black mamba poisons you!
You thump the boulder beetle! You burn the boulder beetle.
You headbutt the boulder beetle!
The boulder beetle is severely wounded.
You feel very sick. You block the black mamba's attack.
The boulder beetle leaps!
The cane toad stings you!
* * * LOW HITPOINT WARNING * * *
You block the black mamba's attack.
You sock the black mamba! You burn the black mamba.
The black mamba is severely wounded.
You feel very sick. You block the black mamba's attack.
The boulder beetle curls into a ball and begins rolling!
You block the cane toad's attack. The cane toad stings you.
* * * LOW HITPOINT WARNING * * *
Your ogre goes berserk!
You feel very sick. You block the black mamba's attack.
The cane toad barely misses you. The cane toad closely misses you.
You block the black mamba's attack.
Your skin crawls.
You feel strong-willed.
You feel sick. You block the black mamba's attack. The cane toad stings you!
* * * LOW HITPOINT WARNING * * *
The cane toad stings you!
You die...

≈.≈≈≈#≈≈≈≈.○.†....†......
.≈≈≈≈≈≈≈≈≈.≈P............
≈≈≈≈≈≈≈P≈...≈.†...†......
≈≈≈≈≈≈≈≈≈≈.≈....†........
≈≈≈≈≈≈≈≈≈.≈.....†........
≈≈.≈≈≈≈≈YP≈#.............
≈≈≈≈≈≈≈≈;..#.............
≈≈≈≈≈≈wFSF##.............
≈≈≈≈B≈≈≈@O###............
≈≈°°≈≈≈..## #............
P≈≈≈≈≈.≈.# ≈≈≈≈≈....#
..P......# P...≈≈...#
≈.......## .###.##


You could see a boulder beetle (rolling), a tyrant leech, a black mamba (ally
target), 2 cane toads, a dream sheep, an electric eel and a friendly ogre
(summoned, berserk).

Vanquished Creatures
  A hydra (Lair:6)
  3 boulder beetles
  3 two-headed ogres
  2 catoblepae
  5 death yaks
  Nergalle (D:11)
  Sonja (Lair:4)
  Pikel (D:8)
  An orc knight (Bailey)
  A necromancer (IceCv)
  4 oklob plants
  An ugly thing (D:11)
  4 black mambas
  3 ice statues (IceCv)
  28 cane toads
  A rime drake (Lair:2)
  An unseen horror (D:11)
  A torpor snail (Lair:5)
  10 komodo dragons
  11 ice devils
  A queen bee (Lair:2)
  2 polar bears
  4 trolls
  3 dream sheep (Lair:6)
  23 blink frogs
  5 slime creatures (D:11)
  2 tyrant leeches
  A shadow (D:10)
  Sigmund (D:3)
  9 spriggans (D:8)
  61 yaks
  2 wyverns
  2 wraiths
  A steam dragon (D:8)
  Grum (D:9)
  5 basilisks
  2 acid dragons (D:11)
  9 vampire mosquitoes
  A swamp worm (Lair:2)
  2 nagas (Lair:2)
  12 water moccasins
  6 orc warriors
  2 sky beasts (D:8)
  2 ice beasts
  7 centaurs
  6 wolves
  A phantom (D:5)
  2 kobold brigands
  23 bullfrogs
  A gnoll sergeant (D:10)
  2 scorpions
  12 wights
  29 killer bees
  4 howler monkeys
  An electric eel (Lair:3)
  4 centaur zombies
  A hound (D:6)
  3 centaur skeletons
  2 draconian simulacra (IceCv)
  3 jellies
  3 bullfrog skeletons
  6 orc priests
  A gnoll shaman (D:8)
  2 iguanas
  13 orc wizards
  3 spriggan simulacra (IceCv)
  A troll simulacrum (IceCv)
  A killer bee zombie (D:8)
  2 hound skeletons (D:5)
  A mummy (Ossuary)
  5 gnolls (D:10)
  8 adders
  4 naga simulacra (IceCv)
  3 white imps
  An ufetubus (D:5)
  An adder skeleton (D:4)
  A worm (D:3)
  2 dart slugs
  48 orcs
  5 endoplasms
  5 giant cockroaches
  6 goblins
  6 hobgoblins
  5 jackals
  2 quokkas (D:2)
  8 ball pythons
  6 bats
  2 frilled lizards (D:2)
  5 gnoll skeletons (Ossuary)
  18 kobolds
  6 kobold skeletons (Ossuary)
  14 orc skeletons (Ossuary)
  8 rats
545 creatures vanquished.

Vanquished Creatures (collateral kills)
  An orc knight (Bailey)
  3 elephants (Lair:6)
  2 cane toads (Lair:6)
  A rime drake (Lair:6)
  A polar bear (Lair:6)
  3 dream sheep (Lair:6)
  A water moccasin (Lair:6)
  An orc (Bailey)
13 creatures vanquished.

Vanquished Creatures (others)
  A bush (Lair:2)
  14 fungi
  84 plants
99 creatures vanquished.

Grand Total: 657 creatures vanquished

Notes
Turn   | Place    | Note
-------+----------+-------------------------------------------
     0 | D:1      | wakim the Minotaur Berserker began the quest for the Orb.
     0 | D:1      | Reached XP level 1. HP: 19/19 MP: 0/0
   165 | D:1      | Reached XP level 2. HP: 27/27 MP: 1/1
   432 | D:1      | Reached skill level 3 in Armour
   451 | D:1      | Reached ** piety under Trog
   568 | D:2      | Reached XP level 3. HP: 24/33 MP: 2/2
   934 | D:2      | Reached XP level 4. HP: 34/40 MP: 3/3
  1416 | D:2      | Found a faded altar of an unknown god.
  1562 | D:3      | Found Nesm's Antique Weapon Emporium.
  1830 | D:3      | Noticed Sigmund
  1837 | D:3      | Killed Sigmund
  1838 | D:3      | Reached skill level 5 in Maces & Flails
  1838 | D:3      | Reached skill level 4 in Armour
  1838 | D:3      | Reached XP level 5. HP: 47/47 MP: 4/4
  1896 | D:3      | Reached XP level 6. HP: 53/53 MP: 5/5
  2296 | D:4      | Found a staircase to the Ecumenical Temple.
  2305 | Temple   | Entered the Ecumenical Temple
  2426 | Temple   | Reached skill level 5 in Armour
  2569 | D:4      | Found a white marble altar of Elyvilon.
  3000 | D:4      | Found Laudwit's Weapon Emporium.
  3037 | D:4      | Found a shimmering altar of Xom.
  3075 | D:5      | Entered Level 5 of the Dungeon
  3124 | D:5      | Reached *** piety under Trog
  3125 | D:5      | Reached XP level 7. HP: 45/60 MP: 6/6
  3128 | D:5      | Reached skill level 5 in Fighting
  3291 | D:5      | Reached skill level 6 in Armour
  3307 | D:5      | Found a sand-covered staircase.
  3313 | Ossuary  | Entered an ossuary
  3313 | Ossuary  | Noticed a wraith
  3313 | Ossuary  | Noticed a wraith
  3313 | Ossuary  | Noticed a wraith
  3447 | Ossuary  | Noticed a wraith
  3473 | Ossuary  | Killed a wraith
  3502 | Ossuary  | Identified a scroll of acquirement
  3502 | Ossuary  | Acquired a manual of Armour
  3656 | D:5      | Reached skill level 7 in Armour
  3660 | D:5      | Reached XP level 8. HP: 57/69 MP: 7/7
  3814 | D:5      | Found a snail-covered altar of Cheibriados.
  3981 | D:6      | Found Loteah's Assorted Antiques.
  3989 | D:6      | Bought a bloodstained flail for 246 gold pieces
  3989 | D:6      | Identified the +8 flail "Rusilany" {flame, +Rage Int-4
                  | Dex+10 SInv} (You bought it in a shop on level 6 of the
                  | Dungeon)
  4067 | D:6      | Reached skill level 8 in Armour
  4121 | D:6      | Reached skill level 5 in Dodging
  4124 | D:6      | Reached **** piety under Trog
  4183 | D:6      | Found Toaqog's General Store.
  4229 | D:6      | Reached skill level 1 in Throwing
  4423 | D:6      | Reached skill level 9 in Armour
  4506 | D:6      | Found Miukk's Antique Armour Shop.
  4895 | D:6      | Found a blossoming altar of Fedhas.
  5137 | D:7      | Reached XP level 9. HP: 78/78 MP: 8/8
  5180 | D:7      | Found Houxzeakk's Antique Weapon Boutique.
  5198 | D:7      | Reached skill level 10 in Armour
  5390 | D:7      | Found a broken altar of Ashenzari.
  5691 | D:8      | Reached skill level 11 in Armour
  5914 | D:8      | Found a staircase to the Lair.
  5940 | D:8      | Found a sparkling altar of Nemelex Xobeh.
  5942 | D:8      | Found a burning altar of Makhleb.
  6000 | D:8      | Reached skill level 10 in Maces & Flails
  6044 | D:8      | Found a flagged portal.
  6152 | Bailey   | Entered a bailey
  6218 | Bailey   | Noticed an orc knight
  6338 | Bailey   | Noticed an orc knight
  6394 | Bailey   | Noticed an orc knight
  6406 | Bailey   | Killed an orc knight
  6407 | Bailey   | Reached skill level 12 in Armour
  6407 | Bailey   | Reached XP level 10. HP: 48/86 MP: 9/9
  6436 | Bailey   | Identified the +8 hunting sling of Upheaval {venom, rPois
                  | rC+}
  6535 | Bailey   | Killed an orc knight
  6684 | Bailey   | Identified the +0 helmet of the Trombone {SInv}
  7306 | D:8      | Found a runed translucent gate.
  7306 | D:8      | Found a runed translucent gate.
  7306 | D:8      | Found a runed translucent gate.
  7307 | D:8      | Noticed an 11-headed hydra
  7309 | D:8      | Noticed nht's ghost (novice DsEE)
  7592 | D:8      | Reached skill level 13 in Armour
  7594 | D:8      | Noticed Pikel
  7608 | D:8      | Killed Pikel
  7707 | D:8      | Noticed a two-headed ogre
  7714 | D:8      | Killed a two-headed ogre
  7721 | D:8      | Found a sacrificial altar of Ru.
  7730 | D:8      | Reached skill level 5 in Throwing
  7797 | D:8      | Found an ancient bone altar of Kikubaaqudgha.
  7945 | D:8      | Found an opulent altar of Gozag.
  7948 | D:8      | Found a glowing golden altar of the Shining One.
  8107 | D:9      | Reached skill level 14 in Armour
  8355 | D:9      | Noticed Grum
  8377 | D:9      | Reached XP level 11. HP: 82/95 MP: 10/10
  8380 | D:9      | Killed Grum
  9164 | D:6      | Bought a glowing cloak for 217 gold pieces
  9317 | D:10     | Entered Level 10 of the Dungeon
  9368 | D:10     | Found a staircase to the Orcish Mines.
  9425 | D:10     | Identified the +1 pair of gloves of Damp New Discoveries
                  | {rPois}
  9449 | D:10     | Noticed a two-headed ogre
  9458 | D:10     | Killed a two-headed ogre
  9459 | D:10     | Reached skill level 1 in Shields
  9629 | D:10     | Found a hazy altar of Hepliaklqana.
  9690 | D:10     | Noticed a two-headed ogre
  9694 | D:10     | Killed a two-headed ogre
 10272 | D:11     | Noticed a boulder beetle
 10288 | D:11     | Killed a boulder beetle
 10289 | D:11     | Reached skill level 15 in Armour
 10588 | D:11     | Noticed Nergalle
 11121 | D:11     | Reached ***** piety under Trog
 11528 | D:11     | Killed Nergalle
 11653 | D:12     | Noticed a boulder beetle
 11669 | D:12     | Killed a boulder beetle
 11680 | D:12     | Noticed a white ugly thing
 11681 | D:12     | Noticed Urug
 11692 | D:11     | Killed a white ugly thing
 11693 | D:11     | Reached skill level 16 in Armour
 11693 | D:11     | Reached XP level 12. HP: 106/106 MP: 11/11
 11972 | Lair:1   | Entered Level 1 of the Lair of Beasts
 12393 | Lair:1   | Identified the ring of Xaydufui {rF+ Slay+4 Stlth+}
 12420 | Lair:1   | Reached skill level 10 in Fighting
 12560 | Lair:1   | Acquired an amulet of regeneration
 13354 | Lair:2   | Found a staircase to the Snake Pit.
 13605 | Lair:2   | Reached skill level 5 in Shields
 13650 | Lair:2   | Reached XP level 13. HP: 114/114 MP: 12/12
 13713 | Lair:2   | Found a staircase to the Swamp.
 14934 | Lair:3   | Found a frozen archway.
 14942 | Lair:3   | Reached skill level 17 in Armour
 14952 | IceCv    | Entered an ice cave
 15025 | IceCv    | Reached skill level 10 in Dodging
 15081 | IceCv    | Identified the +9 mace "Myeheoti" {vorpal, rElec Dex-4
                  | Stlth+} (Trog gifted it to you in an ice cave)
 15081 | IceCv    | Received a gift from Trog
 15635 | Lair:3   | Identified the +7 shortbow "Hydraslayer" {freeze, rElec
                  | rC++ Dex-3 SInv}
 16330 | Lair:4   | Noticed Sonja
 16337 | Lair:4   | Killed Sonja
 16628 | Lair:4   | Identified the +9 shortbow of Pride {freeze, rElec Str+7}
 17301 | Lair:5   | Reached XP level 14. HP: 125/125 MP: 13/13
 17772 | Lair:6   | Entered Level 6 of the Lair of Beasts
 17917 | Lair:5   | Reached skill level 10 in Shields
 18162 | Lair:6   | Found a staircase to the Slime Pits.
 18162 | Lair:6   | Found a viscous altar of Jiyva.
 18166 | Lair:6   | Received a gift from Trog
 18402 | Lair:6   | Slain by a cane toad

Illustrated notes

Levels and vault maps discovered:
D:1:      dpeg_arrival_arbitrary_b, layout_rooms
D:2:      layout_loops_cross, shapermc_ecumenical_altar_notcrosses,
          minmay_between
D:3:      layout_rooms, serial_glass, glass_columns_a, glass_columns_b,
          minmay_strange_pillars, due_unseen_surprise, item_on_display_a,
          serial_shops, shop_statue, uniq_sigmund
D:4:      layout_rooms, kennysheep_little_box, elyvilon_altar_5,
          minmay_temple_entry_drinking_statues, serial_shops,
          kennysheep_mini_moat
D:5:      layout_rooms, lemuel_crystal_altar, nicolae_ossuary_entry_monument
D:6:      layout_basic, kennysheep_mini, serial_shops, shop, shop,
          nicolae_shop_stone, minivault_1
D:7:      layout_gridville, nicolae_ashenzari_panopticon, serial_shops, shop,
          nicolae_sextant
D:8:      kb_forest_paths, layout_rooms, nicolae_overflow_hidden_temple,
          minitemple, lair_entry_dummy, gammafunk_ghost_hydra_chop,
          enter_bailey_4, item_on_display_a, uniq_pikel
D:9:      layout_stronghold, uniq_grum
D:10:     layout_rooms, nzn_hepliaklqana_mist_gate, orc_0_dummy
D:11:     layout_basic, uniq_nergalle
D:12:     layout_roguey, uniq_urug
Temple:   cyrus_temple_forest
Lair:1:   layout_big_grid, minmay_lair_oklob_chamber, grunt_megastairs_4
Lair:2:   layout_hall_layers, minmay_swamp_entry_worms,
          guppyfry_snake_entry_garden, special_room [special_room_bee]
Lair:3:   layout_chaotic_city, portal_ice_cave_demonic_guard, minmay_holes,
          serial_bayou_shore_a
Lair:4:   layout_loops_ring, lemuel_fruit_tree, uniq_sonja
Lair:5:   layout_regular_city, grunt_megastairs_2
Lair:6:   minmay_lair_end_frog_pond, layout_gridlike, slime_altar_1,
          basic_altar, serial_bayou_shore_b

Skill      XL: |  1  2  3  4  5  6  7  8  9 10 11 12 13 14 |
---------------+-------------------------------------------+-----
Maces & Flails | 4 5 6 7 8 10 11 12 14 | 14.0
Armour         | 3 4 5 7 9 12 14 16 17 | 17.8
Fighting       | 4 5 6 7 8 9 10 11 12 | 12.4
Dodging        | 3 4 5 6 7 8 9 10 11 | 11.3
Throwing       | 2 3 5 6 7 8 9 |  9.5
Shields        | 4 5 9 11 | 11.2

Action                   |  1- 3 |  4- 6 |  7- 9 | 10-12 | 13-15 || total
-------------------------+-------+-------+-------+-------+-------++-------
Melee: Mace              |    50 |       |       |       |    34 ||    84
       Headbutt          |     6 |    15 |    54 |   141 |   145 ||   361
       Flail             |     7 |    58 |   130 |   454 |   454 ||  1103
       Morningstar       |       |    34 |    94 |       |       ||   128
Throw: Dart              |       |       |       |     2 |    35 ||    37
Invok: Trog's Hand       |       |     1 |     6 |     9 |     9 ||    25
       Berserk           |       |     1 |     2 |     5 |       ||     8
       Brothers in Arms  |       |       |     1 |       |     2 ||     3
Evoke: Wand              |       |       |       |    13 |     2 ||    15
  Use: Scroll            |     1 |     4 |    14 |     6 |     4 ||    29
 Stab: Paralysed         |       |       |       |       |     1 ||     1
Armor: Scale mail        |    14 |    38 |    46 |       |       ||    98
       Animal skin       |     1 |       |       |       |       ||     1
       Chain mail        |       |       |    57 |   215 |   202 ||   474
Dodge: Dodged            |    45 |    54 |   175 |   302 |   180 ||   756
Block: Buckler           |       |       |       |    70 |       ||    70
       Tower shield      |       |       |       |   105 |   499 ||   604

Table legend: (Time is in decaauts)
 A = Elapsed time spent in this place.
 B = Non-inter-level travel time spent in this place.
 C = Inter-level travel time spent in this place.
 D = Time resting spent in this place.
 E = Time spent auto-exploring this place.
 F = Levels seen in this place.
 G = Mean time per level.
                   A        B        C        D        E       F      G
               +--------+--------+--------+--------+--------+-----+--------+
         Total |  18524 |  16884 |   1640 |   1550 |  11467 |  22 |  842.0 |
       Dungeon |  11095 |   9727 |   1368 |    728 |   7330 |  12 |  924.6 |
        Temple |    254 |    254 |      0 |    246 |      0 |   1 |  254.0 |
          Lair |   5439 |   5167 |    272 |    162 |   3647 |   6 |  906.5 |
       Ossuary |    256 |    256 |      0 |      0 |     75 |   1 |  256.0 |
        Bailey |   1027 |   1027 |      0 |    350 |    294 |   1 | 1027.0 |
      Ice Cave |    451 |    451 |      0 |     64 |    120 |   1 |  451.0 |
               +--------+--------+--------+--------+--------+-----+--------+

Top non-repeatable levels by time:
    D:11: 1871 daAuts
     D:8: 1662 daAuts
     D:9: 1201 daAuts
  Lair:2: 1137 daAuts
  Lair:1: 1134 daAuts
     D:6: 1120 daAuts
  Lair:5: 1054 daAuts
  Bailey: 1027 daAuts
     D:2: 956 daAuts
  Lair:3: 842 daAuts
     D:7: 842 daAuts
  Lair:4: 784 daAuts
     D:3: 777 daAuts
     D:4: 752 daAuts
     D:5: 685 daAuts
